cohdb
Replays
Latest Replays
All Replays
Popular Replays
Top Player Replays
Match Explorer
How It Works
Community
CoH3 Stats
Reddit
Sign in to upload your games and track your stats! →
Sign in with Steam
Match 45959356
Unlisted
Match 45959356
Overview
Messages
Build Orders
End
Construct Barracks
Selects Heavy Weapons
Riflemen Squad
1⁄4-ton 4x4 Truck
Riflemen Squad
Riflemen Squad
Mechanized Support Center
Grenade Package
Selects Assault Carriers
Engineer Squad
Construct Motor Pool
Selects Exchangeable Parts
M8 Greyhound Armored Car
Construct Medical Station
Improvised Armor
Designate Forward Repair Station
M8 Greyhound Armored Car
Rapid Repairs
.30 cal Machine Gun
Selects M2HB .50cal Heavy Machine Gun
Construct Weapon Support Center
M1919 Machine Gun Team
M1919 Machine Gun Team
M1 Anti-tank Gun Team
M1 Anti-tank Gun Team
Engineer Squad
Selects Rapid Reposition
M1 Anti-tank Gun Team
M1 Anti-tank Gun Team
M3 Assault Carrier
Selects M26 Pershing Heavy Tank
M26 Pershing Heavy Tank
Riflemen Squad
M1 Anti-tank Gun Team
Engineer Squad
Engineer Squad
Selects Black Dragon Artillery Barrage
M1 Anti-tank Gun Team
Black Dragon Artillery Barrage
DarknessAngle
wila
LittleFatty233
Uffz. Ral-go
Restzeit
rudals7706
0
0
Comments
sign in to comment!
No comments posted yet!